 Dungeon Crawl Stone Soup version 0.20.0 (webtiles) character file.

83571 AlphabetPasta the Reanimator (level 15, -14/132 HPs)
             Began as a Deep Dwarf Necromancer on May 27, 2017.
             Was the Champion of Makhleb.
             Killed from afar by a fire dragon (47 damage)
             ... with a blast of flame
             ... on level 15 of the Dungeon on May 28, 2017.
             The game lasted 03:08:22 (24728 turns).

AlphabetPasta the Reanimator (DDNe)                Turns: 24728, Time: 03:08:23

Health: -14/132    AC: 14    Str: 20    XL:     15   Next: 32%
Magic:  27/27      EV: 19    Int: 21    God:    Makhleb [******]
Gold:   1247       SH:  0    Dex: 17    Spells: 11/30 levels left

rFire    . . .     SeeInvis +   a - +11 war axe of Viofrorch {freeze, Str+3 Int+4 Dex+4 SInv}
rCold    . . .     Gourm    .   (no shield)
rNeg     + . .     Faith    .   S - +0 scale mail
rPois    +         Spirit   .   m - +0 helmet
rElec    .         Reflect  .   D - +0 cloak
rCorr    .         Harm     .   k - +0 pair of gloves
MR       ++...                  p - +0 pair of boots
Stlth    +.........             (no amulet)
Regen    0.0/turn               y - ring of poison resistance
MPRegen  0.2/turn               f - +3 ring of evasion

@: about to teleport, non-regenerating
A: damage resistance, heal wounds, negative energy resistance 1, sense
surroundings 2, no regeneration
a: Heal Wounds, Minor Destruction, Lesser Servant of Makhleb, Major Destruction,
Greater Servant of Makhleb, Renounce Religion


You were on level 15 of the Dungeon.
You worshipped Makhleb.
Makhleb was exalted by your worship.
You were not hungry.

You visited 4 branches of the dungeon, and saw 24 of its levels.
You also visited: Labyrinth.

You collected 1792 gold pieces.
You spent 545 gold pieces at shops.

Inventory:

Hand Weapons
 a - the +11 war axe of Viofrorch (weapon) {freeze, Str+3 Int+4 Dex+4 SInv}
   (You found it on level 2 of the Lair of Beasts)

   It has been specially enchanted to freeze those struck by it, causing extra
   injury to most foes and up to half again as much damage against particularly
   susceptible opponents.
   It can also slow down cold-blooded creatures.
   It affects your strength (+3).
   It affects your intelligence (+4).
   It affects your dexterity (+4).
   It lets you see invisible.
 b - a +3 arbalest of velocity
 M - a +2 battleaxe of draining
Missiles
 i - 128 bolts
Armour
 k - a +0 pair of gloves (worn)
 m - a +0 helmet (worn)
 p - a +0 pair of boots (worn)
 D - a +0 cloak (worn)
 S - a +0 scale mail (worn)
Jewellery
 f - a +3 ring of evasion (right hand)
 r - an uncursed ring of protection from fire
 u - an uncursed ring of positive energy
 y - a ring of poison resistance (left hand)
 C - an uncursed ring of flight
 R - an uncursed ring of see invisible
Wands
 c - a wand of lightning (4/15)
 d - a wand of flame (28/48)
 F - a wand of scattershot (4/9)
 H - a wand of acid (6/15)
 P - a wand of iceblast (7/15)
 W - a wand of confusion (13/48)
 X - a wand of scattershot (2/9)
 Z - a wand of disintegration (7/24)
Scrolls
 e - 5 scrolls of teleportation
 h - 3 scrolls of fear
 q - 4 scrolls of magic mapping
 z - 2 scrolls of blinking
 B - 3 scrolls of identify
 L - 3 scrolls of recharging
 N - a scroll of silence
 V - 7 scrolls of remove curse
Potions
 g - 3 potions of haste
 j - 9 potions of curing
 l - 2 potions of brilliance
 o - a potion of cancellation
 t - a potion of resistance
 v - 2 potions of might
 A - 2 potions of flight
 G - a potion of ambrosia
Miscellaneous
 K - a fan of gales
 Q - a lamp of fire
Comestibles
 w - 13 bread rations
 x - 25 fruits
 I - 8 meat rations
 O - 4 royal jellies


   Skills:
 + Level 8.0 Fighting
 * Level 12.8 Axes
 * Level 9.5 Crossbows
 + Level 9.3 Armour
 + Level 9.6 Dodging
 - Level 2.4 Stealth
 + Level 8.2 Spellcasting
 * Level 13.7 Necromancy
 + Level 2.1 Translocations
 - Level 9.0 Earth Magic
 + Level 5.9 Invocations
 - Level 8.0 Evocations


You had 11 spell levels left.
You knew the following spells:

 Your Spells              Type           Power        Failure   Level  Hunger
a - Pain                  Necr           ####         1%          1    None
b - Animate Skeleton      Necr           N/A          1%          1    None
c - Vampiric Draining     Necr           ######....   1%          3    None
d - Animate Dead          Necr           N/A          1%          4    ###....
e - Control Undead        Necr           ######....   1%          4    ###....
f - Petrify               Tmut/Erth      ####....     28%         4    ###....
g - Blink                 Tloc           N/A          12%         2    None


Dungeon Overview and Level Annotations

Branches:
Dungeon (15/15)            Temple (1/1) D:6            Lair (6/6) D:11
 Shoals (0/4) Lair:3       Spider (0/4) Lair:4        Slime (0/5) Lair:6
    Orc (2/2) D:10            Elf (0/3) Orc:2        Vaults (0/5) D:14
 Depths (0/5) D:15

Altars:
Ashenzari
Cheibriados
Dithmenos
Elyvilon
Fedhas
Gozag
Hepliaklqana
Kikubaaqudgha
Makhleb
Nemelex Xobeh
Okawaru
Qazlal
Ru
Sif Muna
Trog
Uskayaw
Vehumet
Xom
Yredelemnul
Zin
The Shining One
Beogh

Shops:
D:6 (   D:8 ((   Orc:1 *   Orc:2 ([=*?

Annotations:
D:5 Sigmund
Lair:2 flight or digging in the corner


Innate Abilities, Weirdness & Mutations

You are resistant to damage.
You can heal yourself by infusing magical energy.
You resist negative energy. (rN+)
You passively map the area around you.
You do not regenerate.


Message History

* * * LOW HITPOINT WARNING * * *
The ice dragon tramples you.
You stumble backwards!
You hit the ice dragon.
The ice dragon is lightly wounded.
The ice dragon barely misses you.
The ice dragon claws you but does no damage.
The ice dragon tramples you but does no damage.
As you read the scroll of teleportation, it crumbles to dust.
You feel strangely unstable. The fire dragon misses you.
The fire dragon barely misses you. The fire dragon completely misses you.
The ice dragon bites you.
* * * LOW HITPOINT WARNING * * *
The ice dragon closely misses you.
The ice dragon tramples you but does no damage.
You slash the fire dragon! You freeze the fire dragon.
The fire dragon is almost dead.
You barely miss the ice dragon. The fire dragon breathes flames at you.
The blast of flame hits you!
You die...

* , ###...# #... * * ,
#.....# #... * ,
##.#...# #... ,, ,,
###### #......# #### *
,**** #$$$$.###.8..###
## , # .......##...##.#
#. , #>.#####.....##..##
#. * *,
*#.....DD#####.#..#####.
, ,
##$$$$@##....###.....).
, , ,*
#######......#...####. *
** #.#.###.........# #)
#.#.# #........## #.
#.#.###.#......# ###.
#......)Z......# #...
#######.#####.#### #.#.
#.......# #.....# #.#.
#.####..# #.....# #.#.


You could see a fire dragon and an ice dragon.

Vanquished Creatures
  An orc warlord (Orc:2)
  Snorg (Orc:1)
  A minotaur (Lab)
  Erolcha (Orc:1)
  5 hydras
  A vault guard (D:14)
  3 catoblepae (Lair:6)
  Erica (D:10)
  5 two-headed ogres
  6 death yaks
  An orc high priest (Orc:2)
  Nergalle (D:12)
  4 skeletal warriors (D:14)
  A swamp dragon (shapeshifter) (D:14)
  2 unseen horrors
  A wizard (D:14)
  Pikel (D:7)
  4 orc knights
  2 deep elf magi
  6 orc sorcerers (Orc:2)
  9 ugly things
  3 manticores
  An oklob plant (Lair:6)
  A wolf spider (Lair:4)
  5 cyclopes
  8 elephants
  2 centaur zombies
  6 black mambas
  Joseph (D:9)
  2 gargoyles
  A kobold demonologist (D:15)
  5 spiny frogs
  A spiny frog (shapeshifter) (D:14)
  4 centaur skeletons
  A rime drake (Lair:1)
  5 komodo dragons
  5 trolls
  A polar bear (Lair:4)
  6 meliai
  A hornet (D:14)
  Prince Ribbit (D:6)
  A queen bee (Lair:4)
  A slime creature (Lair:6)
  A meliai zombie (D:12)
  11 hippogriffs
  10 dream sheep
  4 blink frogs (Lair:6)
  3 vampires
  2 shadows
  5 wyverns
  53 yaks
  3 hogs (D:9)
  5 wraiths (Lair:5)
  A human (D:9)
  A vampire mosquito (D:14)
  8 basilisks
  6 wargs
  3 steam dragons
  6 porcupines
  6 water moccasins
  An acid dragon (D:15)
  A swamp drake (Lair:1)
  A hornet zombie (D:9)
  2 black bears
  3 phantoms
  27 orc warriors
  A slave (D:7)
  4 wolves
  11 centaurs
  A necrophage (D:11)
  10 ogres
  16 crocodiles
  A wyvern zombie (D:7)
  11 bullfrogs
  An earth elemental (Lab)
  2 wyvern skeletons
  4 scorpions
  31 killer bees
  8 wights
  4 howler monkeys
  An electric eel (Lair:2)
  9 crimson imps
  2 bullfrog zombies
  5 hounds
  13 orc priests
  5 jellies
  2 bullfrog skeletons
  28 orc wizards
  11 worker ants
  8 iguanas
  3 hell rats
  A hound zombie (D:9)
  A hound skeleton (D:5)
  A mummy (D:8)
  2 worker ant zombies (D:10)
  Robin (D:2)
  4 gnolls
  15 adders
  8 river rats (D:8)
  5 shadow imps
  A white imp (D:7)
  2 oozes
  2 worms
  5 dart slugs
  9 leopard geckos
  70 orcs
  9 giant cockroaches
  8 goblins
  8 hobgoblins
  6 jackals
  12 quokkas
  3 ball pythons (D:2)
  4 bats
  9 frilled lizards
  2 goblin skeletons (D:7)
  A goblin zombie (D:7)
  2 hobgoblin zombies (D:7)
  7 kobolds
  A kobold skeleton (D:7)
  An orc zombie (D:7)
  18 rats
  A fungus (Lair:3)
  3 plants
696 creatures vanquished.

Vanquished Creatures (collateral kills)
  Josephine (Lair:5)
  A two-headed ogre (D:12)
  A death yak (Lair:6)
  Urug (Orc:2)
  A cyclops (D:15)
  A manticore (Lair:4)
  2 elephants (Lair:4)
  A rime drake (Lair:4)
  A komodo dragon (Lair:6)
  2 slime creatures (Lair:6)
  6 dream sheep
  A wraith (D:11)
  12 yaks
  Grum (D:9)
  A warg (D:10)
  A porcupine (Lair:5)
  2 water moccasins (Lair:1)
  2 orc warriors
  An ogre (Orc:1)
  4 crocodiles
  A wyvern zombie (D:11)
  A water moccasin zombie (D:6)
  7 killer bees
  A wight (D:9)
  A bullfrog zombie (D:8)
  An orc priest (Orc:2)
  4 orc wizards
  A bullfrog skeleton (D:9)
  3 iguanas (Lair:1)
  A hound zombie (D:9)
  4 orcs
  A giant cockroach (D:3)
  3 frilled lizards (Lair:1)
  A leopard gecko skeleton (D:6)
  A bush (Lair:5)
  4 fungi
78 creatures vanquished.

Vanquished Creatures (others)
  A centaur zombie (D:5)
  An orc priest (Orc:2)
  A fungus (Lair:6)
3 creatures vanquished.

Grand Total: 777 creatures vanquished

Notes
Turn   | Place    | Note
-------+----------+-------------------------------------------
     0 | D:1      | AlphabetPasta the Deep Dwarf Necromancer began the quest for the Orb.
     0 | D:1      | Reached XP level 1. HP: 15/15 MP: 3/3
     2 | D:1      | Learned a level 1 spell: Animate Skeleton
   349 | D:1      | Reached XP level 2. HP: 24/24 MP: 3/5
  1186 | D:2      | Reached XP level 3. HP: 30/30 MP: 1/6
  1215 | D:2      | Noticed Robin
  1241 | D:2      | Upgraded the game from 0.20-b1 to 0.20.0
  1246 | D:2      | Killed Robin
  1246 | D:2      | Reached skill level 1 in Fighting
  1246 | D:2      | Reached skill level 5 in Necromancy
  1400 | D:2      | Learned a level 3 spell: Vampiric Draining
  1667 | D:2      | Reached XP level 4. HP: 36/38 MP: 1/7
  1960 | D:3      | Reached skill level 1 in Armour
  2187 | D:3      | Found a shimmering altar of Xom.
  2189 | D:3      | Found a shimmering altar of Xom.
  2190 | D:3      | Found a shimmering altar of Xom.
  2532 | D:3      | Reached XP level 5. HP: 39/45 MP: 0/8
  3082 | D:4      | Learned a level 3 spell: Vampiric Draining
  3295 | D:4      | Reached skill level 1 in Axes
  3297 | D:4      | Reached skill level 6 in Necromancy
  3297 | D:4      | Reached XP level 6. HP: 50/52 MP: 4/9
  3742 | D:4      | Found a sparkling altar of Nemelex Xobeh.
  3811 | D:5      | Entered Level 5 of the Dungeon
  3910 | D:4      | Learned a level 4 spell: Animate Dead
  4416 | D:5      | Reached XP level 7. HP: 52/61 MP: 7/11
  4658 | D:5      | Noticed Sigmund
  5640 | D:6      | Found Kegrosepn's Weapon Shop.
  5648 | D:6      | Bought a +2 war axe of electrocution for 207 gold pieces
  5650 | D:6      | Found a blossoming altar of Fedhas.
  5703 | D:6      | Noticed Prince Ribbit
  5724 | D:6      | Killed Prince Ribbit
  5724 | D:6      | Reached skill level 7 in Necromancy
  5724 | D:6      | Reached XP level 8. HP: 41/68 MP: 6/13
  6108 | D:6      | Found a shattered altar of Ashenzari.
  6129 | D:6      | Found a staircase to the Ecumenical Temple.
  6135 | Temple   | Entered the Ecumenical Temple
  6165 | Temple   | Became a worshipper of Makhleb the Destroyer
  6419 | D:7      | Reached skill level 1 in Invocations
  6583 | D:7      | Noticed a hippogriff
  6609 | D:7      | Killed a hippogriff
  6799 | D:7      | Found a deep blue altar of Sif Muna.
  6863 | D:7      | Found a glowing golden altar of the Shining One.
  6870 | D:7      | Reached * piety under Makhleb
  7135 | D:7      | Reached skill level 5 in Axes
  7135 | D:7      | Reached skill level 5 in Dodging
  7190 | D:7      | Noticed a two-headed ogre
  7197 | D:7      | Killed a two-headed ogre
  7197 | D:7      | Reached skill level 8 in Necromancy
  7197 | D:7      | Gained mutation: You passively map the area around you. [Deep Dwarf growth]
  7197 | D:7      | Reached XP level 9. HP: 44/78 MP: 13/16
  7220 | D:7      | Learned a level 4 spell: Control Undead
  7596 | D:7      | Found a deep blue altar of Sif Muna.
  7686 | D:7      | Found a bloodstained altar of Trog.
  7686 | D:7      | Found an iron altar of Okawaru.
  7828 | D:7      | Reached skill level 5 in Spellcasting
  7966 | D:8      | Noticed a troll
  7972 | D:8      | Killed a troll
  7972 | D:8      | Reached skill level 1 in Evocations
  8043 | D:8      | Found an ancient bone altar of Kikubaaqudgha.
  8372 | D:8      | Reached skill level 9 in Necromancy
  8399 | D:8      | Reached ** piety under Makhleb
  8598 | D:8      | Noticed Pikel
  8684 | D:7      | Killed Pikel
  8684 | D:7      | Reached XP level 10. HP: 76/86 MP: 2/18
  8807 | D:8      | Found Kuleum's Weapon Shoppe.
  8844 | D:8      | Bought a +0 hand crossbow for 45 gold pieces
  9176 | D:8      | Reached skill level 5 in Armour
  9681 | D:8      | Found a sacrificial altar of Ru.
  9701 | D:8      | Learned a level 4 spell: Petrify
  9727 | D:8      | Found a snail-covered altar of Cheibriados.
  9849 | D:8      | Found Moawkeod's Weapon Shop.
  9923 | D:9      | Found a shadowy altar of Dithmenos.
  9930 | D:9      | Noticed Joseph
  9939 | D:8      | Reached *** piety under Makhleb
  9997 | D:9      | Found a basalt altar of Yredelemnul.
 10010 | D:9      | Killed Joseph
 10010 | D:9      | Reached skill level 1 in Crossbows
 10010 | D:9      | Reached skill level 1 in Earth Magic
 10179 | D:9      | Noticed a two-headed ogre
 10358 | D:9      | Noticed Grum
 10496 | D:9      | Found a sacrificial altar of Ru.
 10559 | D:9      | Found an opulent altar of Gozag.
 10715 | D:9      | Killed Grum
 10730 | D:9      | Killed a two-headed ogre
 10730 | D:9      | Reached skill level 10 in Necromancy
 10730 | D:9      | Reached XP level 11. HP: 55/93 MP: 3/19
 11229 | D:10     | Entered Level 10 of the Dungeon
 11484 | D:10     | Reached **** piety under Makhleb
 11488 | D:10     | Reached skill level 5 in Fighting
 11613 | D:10     | Noticed Erica
 11622 | D:10     | Killed Erica
 11889 | D:10     | Found a staircase to the Orcish Mines.
 12670 | D:11     | Noticed a red ugly thing
 12679 | D:11     | Killed a red ugly thing
 12711 | D:11     | Noticed an unseen horror
 12716 | D:11     | Killed an unseen horror
 12716 | D:11     | Reached skill level 5 in Invocations
 12788 | D:11     | Found a staircase to the Lair.
 12802 | D:11     | Noticed a purple ugly thing
 12813 | D:11     | Killed a purple ugly thing
 12813 | D:11     | Reached ***** piety under Makhleb
 13170 | D:11     | Noticed a green ugly thing
 13185 | D:11     | Killed a green ugly thing
 13185 | D:11     | Reached skill level 11 in Necromancy
 13185 | D:11     | Reached XP level 12. HP: 79/104 MP: 21/21
 13495 | D:12     | Reached skill level 5 in Earth Magic
 13847 | D:12     | Noticed a two-headed ogre
 13852 | D:12     | Noticed Nergalle
 13856 | D:12     | Killed a two-headed ogre
 13856 | D:12     | Reached skill level 5 in Evocations
 13867 | D:12     | Killed Nergalle
 14347 | Lair:1   | Entered Level 1 of the Lair of Beasts
 14555 | Lair:1   | Reached skill level 10 in Axes
 14599 | Lair:1   | Reached skill level 5 in Crossbows
 15286 | Lair:2   | Got a scorched war axe
 15287 | Lair:2   | Identified the +11 war axe of Viofrorch {freeze, Str+3 Int+4 Dex+4 SInv} (You found it on level 2 of the Lair of Beasts)
 15456 | Lair:2   | Noticed an eight-headed hydra
 15471 | Lair:2   | Killed an eight-headed hydra
 16345 | Lair:3   | Found a staircase to the Shoals.
 17074 | Lair:4   | Found a hole to the Spider Nest.
 17311 | Lair:4   | Reached XP level 13. HP: 107/112 MP: 23/23
 17321 | Lair:4   | Reached skill level 12 in Necromancy
 17322 | Lair:4   | Reached ****** piety under Makhleb
 18066 | Lair:5   | Noticed Josephine
 18078 | Lair:5   | Killed Josephine
 19034 | Lair:6   | Entered Level 6 of the Lair of Beasts
 19541 | Lair:6   | Found a staircase to the Slime Pits.
 19794 | Lair:6   | Gained mutation: You resist negative energy. (rN+) [Deep Dwarf growth]
 19794 | Lair:6   | Reached XP level 14. HP: 74/123 MP: 25/25
 20315 | Lair:6   | Reached skill level 13 in Necromancy
 20767 | Orc:1    | Entered Level 1 of the Orcish Mines
 20767 | Orc:1    | Found Viesm's General Store.
 20834 | Orc:1    | Noticed Snorg
 20844 | Orc:1    | Killed Snorg
 20885 | Orc:1    | Noticed Erolcha
 20898 | Orc:1    | Killed Erolcha
 21173 | Orc:2    | Entered Level 2 of the Orcish Mines
 21238 | Orc:2    | Found Pugraom's Magic Scroll Shoppe.
 21271 | Orc:2    | Bought a scroll of identify for 28 gold pieces
 21492 | Orc:2    | Noticed Urug
 21521 | Orc:2    | Killed Urug
 21525 | Orc:2    | Noticed an orc warlord
 21540 | Orc:2    | Killed an orc warlord
 21570 | Orc:2    | Found a roughly hewn altar of Beogh.
 21590 | Orc:2    | Found Gexorourch's Antique Weapon Boutique.
 21607 | Orc:2    | Found Nag Soe's Jewellery Boutique.
 21620 | Orc:2    | Bought an uncursed ring of flight for 175 gold pieces
 21676 | Orc:2    | Found Towuolan's General Store.
 21682 | Orc:2    | Bought a scroll of enchant weapon for 90 gold pieces
 21710 | Orc:2    | Found Piamnol's Antique Armour Boutique.
 21751 | Orc:2    | Found a staircase to the Elven Halls.
 22769 | D:14     | Found a labyrinth entrance.
 22788 | Lab      | Entered a labyrinth
 23083 | Lab      | Identified Sif Muna's Handbook of Orientation
 23103 | D:14     | Learned a level 2 spell: Blink
 23180 | D:14     | Reached XP level 15. HP: 132/132 MP: 24/26
 23293 | D:14     | Found a gate to the Vaults.
 23328 | D:14     | Reached skill level 1 in Translocations
 24136 | D:15     | Entered Level 15 of the Dungeon
 24719 | D:15     | Found a staircase to the Depths.
 24728 | D:15     | Killed from afar by a fire dragon

Skill      XL: |  1  2  3  4  5  6  7  8  9 10 11 12 13 14 15 |
---------------+----------------------------------------------+-----
Spellcasting   | 2 3 4 5 6 7 8 |  8.2
Fighting       | 1 2 3 4 5 6 7 8 |  8.0
Necromancy     | 5 6 7 8 9 10 11 12 13 | 13.7
Armour         | 1 2 3 4 5 6 7 8 9 |  9.3
Axes           | 2 3 5 7 8 9 10 11 12 | 12.8
Dodging        | 3 4 5 6 7 8 9 |  9.6
Invocations    | 2 3 5 |  5.9
Evocations     | 2 4 5 7 8 |  8.0
Crossbows      | 2 3 5 7 9 |  9.5
Earth Magic    | 2 4 6 8 9 |  9.0
Translocations | 2 |  2.1
Stealth        | |  2.4

Action                   |  1- 3 |  4- 6 |  7- 9 | 10-12 | 13-15 || total
-------------------------+-------+-------+-------+-------+-------++-------
Melee: Unarmed           |     6 |       |       |       |       ||     6
       Club              |    17 |    12 |       |       |       ||    29
       Hand axe          |       |    19 |    57 |       |       ||    76
       War axe           |       |       |   103 |   659 |   823 ||  1585
 Fire: Hand crossbow     |       |       |       |    29 |     5 ||    34
       Arbalest          |       |       |       |       |    10 ||    10
 Cast: Pain              |    65 |   129 |    53 |     9 |     1 ||   257
       Animate Skeleton  |     3 |    12 |    14 |    45 |    33 ||   107
       Vampiric Draining |     4 |     6 |    74 |   150 |   103 ||   337
       Animate Dead      |       |       |     1 |    11 |    30 ||    42
       Control Undead    |       |       |       |     2 |     4 ||     6
 Abil: Heal Wounds       |       |       |       |     1 |     2 ||     3
Evoke: Wand              |       |     3 |     3 |     1 |     5 ||    12
  Use: Scroll            |     5 |     8 |     2 |    18 |    11 ||    44
       Potion            |       |       |     1 |     3 |     9 ||    13
 Stab: Sleeping          |       |     2 |     1 |     5 |     2 ||    10
       Distracted        |       |       |       |     3 |     4 ||     7
       Confused          |       |       |       |     1 |       ||     1
       Petrified         |       |       |       |       |     7 ||     7
  Eat: Chunk             |     4 |    11 |    13 |    32 |    21 ||    81
       Royal jelly       |       |       |     3 |     2 |     4 ||     9
       Fruit             |       |       |       |     2 |       ||     2
Armor: Robe              |    12 |    16 |    39 |    10 |       ||    77
       Leather armour    |       |       |       |   171 |   109 ||   280
       Scale mail        |       |       |       |       |    83 ||    83
Dodge: Dodged            |    26 |    35 |   179 |   645 |   740 ||  1625
